 Dungeon Crawl Stone Soup version 0.27-a0-463-gec7707c53d (webtiles) character file.

Game seed: 3327414981315749016

96 Zekkers the Poker (level 4, 35/35 HPs)
             Began as a Formicid Fighter on Feb 28, 2021.
             Was an Initiate of Fedhas.
             Quit the game on level 2 of the Dungeon on Aug 18, 2021.
             The game lasted 00:07:49 (1959 turns).

Zekkers the Poker (Formicid Fighter)                Turns: 1959, Time: 00:07:49

Health: 35/35      AC:  6    Str: 21    XL:     4   Next: 98%
Magic:  4/4        EV:  7    Int:  8    God:    Fedhas [......]
Gold:   81         SH:  9    Dex: 10    Spells: 3/3 levels left

rFire    . . .     SeeInvis +   a - +0 trident
rCold    . . .     Faith    .   c - +0 kite shield
rNeg     . . .     Spirit   .   b - +0 scale mail
rPois    .         Reflect  .   (helmet unavailable)
rElec    .         Harm     .   (no cloak)
rCorr    .         Rampage  .   (no gloves)
Will     .....                  (no boots)
Stlth    ..........             (no amulet)
HPRegen  0.11/turn              (no ring)
MPRegen  0.09/turn              (no ring)

@: no status effects
A: permanent stasis, dig shafts and tunnels, four strong arms, antennae 3
a: Dig, Shaft Self, Renounce Religion


You were on level 2 of the Dungeon.
You worshipped Fedhas.
Fedhas was noncommittal.
You visited 1 branch of the dungeon, and saw 3 of its levels.

You collected 81 gold pieces.

Inventory:

Hand Weapons
 a - a +0 trident (weapon)
Armour
 b - a +0 scale mail (worn)
 c - a +0 kite shield (worn)
Wands
 j - a wand of polymorph (7)
Scrolls
 e - a scroll of enchant armour {unknown}
 f - a scroll of fog {unknown}
 g - 2 scrolls of teleportation {unknown}
 h - a scroll of noise {unknown}
 l - a scroll of immolation {unknown}
 m - a scroll of identify {unknown}
Potions
 d - a potion of might
 i - a potion of curing {unknown}
 k - a potion of berserk rage {unknown}


   Skills:
 - Level 3.3 Fighting
 + Level 4.5 Polearms
 - Level 3.3 Armour
 - Level 3.7 Shields


You had 3 spell levels left.
You didn't know any spells.
Your spell library contained the following spells:

 Spells                   Type           Power        Failure   Level
 Animate Skeleton         Necr           0%           98%         1


Dungeon Overview and Level Annotations

Branches:
Dungeon (3/15)

Altars:
Fedhas
Kikubaaqudgha
Sif Muna
Trog
Uskayaw
Vehumet
Wu Jian


Innate Abilities, Weirdness & Mutations

You cannot be hasted, slowed, berserked, paralysed or teleported.
You can dig through walls and to a lower floor.
Your four strong arms can wield two-handed weapons with a shield.
You have a pair of large antennae on your head. (SInv)


Message History

Unknown command.
Done exploring.
No target in view!
Done exploring.
There is a stone staircase leading down here.
You climb downwards.
Found a stone staircase leading down.
There is a stone staircase leading up here.
You climb upwards.
There is a stone staircase leading down here.
There is a stone staircase leading down here.
You climb downwards.
A hobgoblin comes into view.
The hobgoblin shouts!
Found a scroll labelled YSEESMUOLA.
There is a stone staircase leading up here.
The hobgoblin hits you.
Found a runed dagger.
You closely miss the hobgoblin.
The hobgoblin hits you but does no damage.
You hit the hobgoblin.
The hobgoblin is severely wounded.
You block the hobgoblin's attack.
You puncture the hobgoblin!
You kill the hobgoblin!
Fedhas appreciates your contribution to the ecosystem.
There is a stone staircase leading up here.
Press: ? - help, . - travel You can't see that place. [the floor.]
Found 18 bolts.
You see here a +0 dagger of venom.
g - 2 scrolls labelled YSEESMUOLA (gained 1)
There is a stone staircase leading up here.
You climb upwards.
There is a stone staircase leading down here.
Welcome back, Zekkers the Formicid Fighter.
Fedhas says: Spread life and death.
Press ? for a list of commands and other information.
Are you sure you want to abandon this character and quit the game? (Confirm with "yes".)

#.#######.##.######.....# #.#
#.#....##.#...#####.#.#.#######.#
#.#.##.##......#..............#.#
#.#.##...........##.#.#.#####.#)#
#.#.##.........#.##.....##....#.#
#.#.##.#....>.##.####.###.....#.#
#.#.##.#####.###.# #.# #........
#.....(......###.# #.# #.....#.#
###.##.#######..@# #.####.......
#.##.# #.#.# #..# ##.###..
###.##.# #.#.# ##.# #.# ##.
....##.# #.#.# #.# #.# #.
######.# #.#.# #.# #.# #. #.#
#.#.# #.# #.# #. ### #.# ##.#.#
#.# #.# #. ..#
#.######....#####.# #.# #. #.#
#.................# #.# ##


There were no monsters in sight!

Vanquished Creatures
  2 adders (D:2)
  3 oozes (D:2)
  2 worms (D:2)
  4 dart slugs
  4 leopard geckos
  7 hobgoblins
  A ball python (D:2)
  6 bats
  5 frilled lizards
  5 goblins
  8 kobolds
  5 rats
52 creatures vanquished.

Vanquished Creatures (others)
  8 fungi (D:2)
  4 plants (D:2)
12 creatures vanquished.

Grand Total: 64 creatures vanquished

Notes
Turn   | Place    | Note
-------+----------+-------------------------------------------
     0 | D:1      | Zekkers the Formicid Fighter began the quest for the Orb.
     0 | D:1      | Reached XP level 1. HP: 18/18 MP: 1/1
    45 | D:1      | Reached XP level 2. HP: 24/24 MP: 2/2
   414 | D:1      | Reached skill level 3 in Polearms
   414 | D:1      | Reached XP level 3. HP: 29/29 MP: 3/3
  1075 | D:2      | Reached XP level 4. HP: 35/35 MP: 4/4
  1104 | D:2      | Reached skill level 4 in Polearms
  1214 | D:2      | Found an ornate altar of the Wu Jian Council.
  1235 | D:2      | Found a blossoming altar of Fedhas.
  1259 | D:2      | Became a worshipper of Fedhas Madash
  1366 | D:2      | Found a radiant altar of Vehumet.
  1389 | D:2      | Found an ancient bone altar of Kikubaaqudgha.
  1390 | D:2      | Found a shimmering blue altar of Sif Muna.
  1399 | D:2      | Identified Kikubaaqudgha's Almanac of Evil Rituals
  1575 | D:2      | Found a hide-covered altar of Uskayaw.
  1657 | D:2      | Found a bloodstained altar of Trog.
  1959 | D:2      | Quit the game

Illustrated notes

Levels and vault maps discovered:
D:1:      heliophobic_arrival_glass_houses, layout_basic, st_stairs_12
D:2:      layout_loops_ring, grunt_temple_overflow_magic_moments,
          nicolae_overflow_hidden_temple, nzn_wu_jian_contemplation,
          fedhas_altar_3
D:3:      layout_basic, nrook_mini_vaults, uniq_terence

Skill      XL: |  1  2  3  4 |
---------------+-------------+-----
Polearms       | 3 4 |  4.5
Fighting       | |  3.3
Armour         | |  3.3
Shields        | |  3.7

Action                   |  1- 3 |  4- 6 || total
-------------------------+-------+-------++-------
Melee: Trident           |    97 |    76 ||   173
Armor: Scale mail        |    23 |    18 ||    41
Dodge: Dodged            |    23 |    15 ||    38
Block: Kite shield       |    40 |    33 ||    73

Table legend: (Time is in decaauts)
 A = Elapsed time spent in this place.
 B = Non-inter-level travel time spent in this place.
 C = Inter-level travel time spent in this place.
 D = Time resting spent in this place.
 E = Time spent auto-exploring this place.
 F = Levels seen in this place.
 G = Mean time per level.
                   A        B        C        D        E       F      G
               +--------+--------+--------+--------+--------+-----+--------+
         Total |   2014 |   1929 |     85 |      0 |   1482 |   3 |  671.3 |
       Dungeon |   2014 |   1929 |     85 |      0 |   1482 |   3 |  671.3 |
               +--------+--------+--------+--------+--------+-----+--------+

Top non-repeatable levels by time:
     D:2: 1198 daAuts
     D:1: 782 daAuts
     D:3: 34 daAuts
